 Dungeon Crawl Stone Soup version 0.24-a0-251-g44e327e (webtiles) character file.

Game seed: 2977544163843599356

294 Syader the Ducker (level 6, 0/44 HPs)
             Began as a Merfolk Arcane Marksman on Apr 16, 2019.
             Slain by a hound zombie (2 damage)
             ... on level 8 of the Dungeon.
             The game lasted 00:16:51 (4355 turns).

Syader the Ducker (Merfolk Arcane Marksman)         Turns: 4355, Time: 00:16:51

Health: 0/44       AC:  4    Str: 10    XL:     6   Next: 33%
Magic:  7/7        EV: 15    Int: 17    God:
Gold:   47         SH:  0    Dex: 17    Spells: 1/7 levels left

rFire    . . .     SeeInvis .   c - +0 blowgun
rCold    . . .     Gourm    .   (no shield)
rNeg     . . .     Faith    .   p - +0 leather armour
rPois    .         Spirit   .   (no helmet)
rElec    .         Reflect  .   (no cloak)
rCorr    .         Harm     .   i - +0 pair of gloves
MR       .....                  (no boots)
Stlth    ++........             (no amulet)
HPRegen  0.14/turn              (no ring)
MPRegen  0.10/turn              (no ring)

@: brilliant
A: change form in water, swift swim, stealthy swim
a: no special abilities


You were on level 8 of the Dungeon.
You were not hungry.

You visited 1 branch of the dungeon, and saw 6 of its levels.

You collected 159 gold pieces.
You spent 112 gold pieces at shops.

Inventory:

Hand Weapons
 b - a +0 dagger
 c - a +0 blowgun (weapon)
 e - a +0 hunting sling
Missiles
 d - 3 javelins
 g - 4 poisoned needles (quivered)
 j - 55 sling bullets
 k - 142 stones
Armour
 a - a +0 robe
 i - a +0 pair of gloves (worn)
 o - a +0 ring mail
 p - a +0 leather armour (worn)
Scrolls
 n - a scroll of remove curse
Potions
 h - a potion of curing {unknown}
 l - a potion of brilliance
Comestibles
 f - 3 rations


   Skills:
 + Level 1.7 Fighting
 + Level 4.1 Throwing
 - Level 5.2 Dodging
 + Level 3.6 Stealth
 - Level 1.0 Spellcasting
 - Level 3.0 Hexes


You had one spell level left.
You knew the following spells:

 Your Spells              Type           Power        Failure   Level  Hunger
a - Corona                Hex            ###....      1%          1    ##.....
b - Slow                  Hex            ###.....     1%          2    ###....
c - Portal Projectile     Hex/Tloc       ###...       5%          3    ####...

Your spell library contained the following spells:

 Spells                   Type           Power        Failure   Level  Hunger
 Inner Flame              Hex/Fire       ###.....     5%          3    ####...
 Cause Fear               Hex            ###.......   10%         4    #####..
 Leda's Liquefaction      Hex/Erth       ###.......   16%         4    #####..


Dungeon Overview and Level Annotations

Branches:
Dungeon (8/15)
 Temple: D:4-7         Lair: D:8-11

Altars:
Ashenzari
Kikubaaqudgha
Trog
Vehumet
Zin

Shops:
D:4 [   D:7 [*


Message History

You shoot a poisoned needle.
The poisoned needle closely misses the hippogriff.
The hound zombie bites you but does no damage.
Firing (i - inventory. (/) - cycle)
g - 5 poisoned needles (quivered)
Press: ? - help, Shift-Dir - straight line, f/p - hippogriff
Aim: a hippogriff (poisoned)
You shoot a poisoned needle.
The poisoned needle hits the hippogriff.
The hippogriff looks even sicker.
The orc shouts!
The hound zombie closely misses you.
It was a potion of brilliance.
You feel clever all of a sudden.
The crimson imp hits you but does no damage.
The hound zombie bites you but does no damage.
The hippogriff bites you.
* * * LOW HITPOINT WARNING * * *
The hippogriff closely misses you. x2
The hound zombie bites you.
You die...

#. .##P.. ##'# .#.P..o
##...# .#..P.P
##.....## ##...P.r.
#.......## ##.......P
.........####...#.P.P.
..(.(.(..'o.oo.....P..
......5HZ####.<.##...
#......@## ##.......P
##.....## #..##.P.P
##...# #..# ##P ##+#
#..# ...# #.(. ####


You could see a hippogriff, a crimson imp, an orc and a hound zombie.

Vanquished Creatures
  4 orc priests
  An orc wizard (D:7)
  Jessica (D:2)
  4 adders
  2 oozes
  A dart slug (D:1)
  4 leopard geckos
  4 orcs
  2 ball pythons
  7 bats
  5 giant cockroaches
  3 goblins
  5 hobgoblins
  10 jackals
  3 quokkas
  2 frilled lizards
  8 kobolds
  7 rats
73 creatures vanquished.

Notes
Turn   | Place    | Note
-------+----------+-------------------------------------------
     0 | D:1      | Syader the Merfolk Arcane Marksman began the quest for the
                  | Orb.
     0 | D:1      | Reached XP level 1. HP: 15/15 MP: 2/2
   585 | D:1      | Reached skill level 3 in Dodging
   587 | D:1      | Reached XP level 2. HP: 19/21 MP: 3/3
  1137 | D:2      | Reached XP level 3. HP: 26/26 MP: 4/4
  1137 | D:2      | Noticed Jessica
  1156 | D:2      | Killed Jessica
  1156 | D:2      | Reached skill level 4 in Dodging
  1156 | D:2      | Reached skill level 1 in Stealth
  1420 | D:2      | Reached XP level 4. HP: 26/32 MP: 5/5
  1626 | D:2      | Found an ancient bone altar of Kikubaaqudgha.
  2191 | D:2      | Found a shattered altar of Ashenzari.
  2871 | D:3      | Reached XP level 5. HP: 26/37 MP: 6/6
  2888 | D:3      | Found a bloodstained altar of Trog.
  2929 | D:3      | Learned a level 2 spell: Slow
  2933 | D:3      | Learned a level 3 spell: Portal Projectile
  3324 | D:3      | Reached skill level 5 in Dodging
  3324 | D:3      | HP: 1/37 [orc (5)]
  3827 | D:4      | Found Ucvi's Antique Armour Shoppe.
  3835 | D:4      | Bought a pair of gloves for 112 gold pieces
  3895 | D:4      | Found a radiant altar of Vehumet.
  3954 | D:4      | Reached XP level 6. HP: 40/43 MP: 7/7
  4138 | D:4      | Found a glowing silver altar of Zin.
  4197 | D:4      | You fall through a shaft for 3 floors!
  4198 | D:7      | Noticed an orc warrior
  4201 | D:7      | Noticed an orc warrior
  4206 | D:7      | Found Durgh's Antique Armour Shoppe.
  4207 | D:7      | Noticed a hippogriff
  4264 | D:7      | Noticed an orc warrior
  4278 | D:7      | Noticed a troll
  4306 | D:7      | Found Ufa Popp's Assorted Antiques.
  4306 | D:7      | Noticed a two-headed ogre
  4330 | D:7      | Noticed a phantom
  4339 | D:8      | Noticed a porcupine
  4346 | D:8      | Noticed a hippogriff
  4354 | D:8      | HP: 2/44 [hippogriff (3)]
  4355 | D:8      | Slain by a hound zombie

Levels and vault maps discovered:
D:1:      eino_arrival_water_cross, layout_basic
D:2:      layout_loops_ring, old_standard_altar, evilmike_ruin_ashenzari,
          serial_park_tiny_1, uniq_jessica
D:3:      layout_loops_ring, lemuel_crystal_altar
D:4:      layout_layer_cave, zin_statuary, nicolae_overflow_crystal_walls,
          first_ration, serial_shops, shop
D:7:      layout_basic, minmay_temple_entry_crystal_x, serial_shops, shop,
          shop_fountains, shop, minmay_door_square
D:8:      layout_loops_corners, grunt_lair_entry_orc_guard_hut, serial_shops,
          shop

Skill      XL: |  1  2  3  4  5  6 |
---------------+-------------------+-----
Dodging        | 3 4 5 |  5.2
Throwing       | 3 4 |  4.1
Stealth        | 1 2 3 |  3.6
Fighting       | |  1.7
Spellcasting   | |  1.0
Hexes          | |  3.0

Action                   |  1- 3 |  4- 6 || total
-------------------------+-------+-------++-------
Melee: Dagger            |    83 |   216 ||   299
       Unarmed           |     5 |       ||     5
 Fire: Hunting sling     |     1 |     6 ||     7
       Blowgun           |       |     4 ||     4
Throw: Javelin           |    18 |    16 ||    34
       Throwing net      |     1 |     7 ||     8
       Stone             |       |     1 ||     1
 Cast: Corona            |     3 |       ||     3
Evoke: Wand              |       |    13 ||    13
  Use: Scroll            |       |     7 ||     7
       Potion            |       |     3 ||     3
 Stab: Sleeping          |     2 |     8 ||    10
       Held in net/web   |       |     2 ||     2
  Eat: Chunk             |     2 |     7 ||     9
       Ration            |       |     1 ||     1
Armor: Robe              |    14 |    27 ||    41
       Leather armour    |       |    26 ||    26
Dodge: Dodged            |    60 |   226 ||   286

Table legend:
 A = Non-vault XP
 B = Vault XP
 C = Vault XP percentage of total XP
 D = Non-vault monster count
 E = Vault monster count
 F = Vault count percentage of total count
                 A         B        C        D         E       F
            +---------+---------+-------+---------+---------+-------
      Total |     383 |      37 |   8.8 |      72 |       1 |   1.4
            +---------+---------+-------+---------+---------+-------
        D:1 |      29 |       0 |   0.0 |      14 |       0 |   0.0
        D:2 |      71 |      37 |  34.3 |      21 |       1 |   4.5
        D:3 |     181 |       0 |   0.0 |      28 |       0 |   0.0
        D:4 |      16 |       0 |   0.0 |       5 |       0 |   0.0
        D:7 |      83 |       0 |   0.0 |       3 |       0 |   0.0
        D:8 |       3 |       0 |   0.0 |       1 |       0 |   0.0
            +---------+---------+-------+---------+---------+-------
